Map: Echo LE (Void)

Players

Fropez

  • Race: Protoss Protoss
  • League: Gold
  • Spawn Location: 11:00

Centropyge - Winner!

  • Race: Zerg Zerg
  • League: Gold
  • Spawn Location: 5:00

VOD

Have the link to the VOD?

Description

Time

  • Played on: Jan. 16, 2017, 9:03 p.m.
  • Length: 9:00
Show
View Real Time Build Order
Export as new Build Order

Fropez Protoss 

Build Orders: 1 Gate Expand 

Get SALT Encoding   

  12  0:01  Probe (Chrono Boost)  
  13  0:11  Probe (Chrono Boost)  
  14  0:19  Pylon  
  14  0:26  Pylon  
  14  0:36  Probe (Chrono Boost)  
  15  0:51  Gateway  
  15  1:08  Nexus  
  15  1:12  Probe (Chrono Boost)  
  16  1:23  Probe (Chrono Boost)  
  17  1:29  Assimilator  
  17  1:34  Probe (Chrono Boost)  
  18  1:44  Probe (Chrono Boost), Cybernetics Core  
  19  1:49  Pylon  
  19  1:55  Probe (Chrono Boost)  
  20  2:03  Assimilator  
  20  2:05  Probe (Chrono Boost)  
  21  2:19  Pylon  
  21  2:20  Probe (Chrono Boost)  
  21  2:22  Adept  
  25  2:30  Probe (Chrono Boost), Assimilator  
  25  2:31  Warp Gate  
  25  2:38  Probe (Chrono Boost)  
  27  2:44  Probe (Chrono Boost)  
  26  2:57  Probe (Chrono Boost)  
  29  3:02  Mothership Core (Chrono Boost)  
  29  3:10  Probe (Chrono Boost)  
  32  3:14  Zealot  
  32  3:24  Pylon  
  32  3:40  Probe (Chrono Boost)  
  34  3:42  Probe (Chrono Boost)  
  34  3:50  Probe (Chrono Boost)  
  34  3:54  Probe (Chrono Boost)  
  36  3:57  Pylon  
  36  4:01  Probe (Chrono Boost)  
  37  4:05  Gateway  
  37  4:07  Probe (Chrono Boost)  
  37  4:08  Gateway  
  38  4:13  Twilight Council  
  38  4:18  Probe (Chrono Boost)  
  38  4:20  Probe (Chrono Boost)  
  38  4:23  Pylon  
  40  4:25  Assimilator  
  40  4:35  Adept  
  42  4:43  Resonating Glaives  
  43  4:46  Probe (Chrono Boost)  
  43  4:47  Probe (Chrono Boost)  
  44  4:55  Robotics Facility  
  44  4:57  Dark Shrine  
  44  5:01  Probe (Chrono Boost)  
  44  5:03  Probe (Chrono Boost)  
  44  5:05  Pylon  
  46  5:08  Pylon  
  46  5:30  Gateway  
  46  5:31  Probe (Chrono Boost)  
  46  5:34  Adept x3, Pylon  
  53  5:40  Probe (Chrono Boost)  
  53  5:41  Probe (Chrono Boost)  
  53  5:42  Warp Prism  
  57  5:53  Probe (Chrono Boost)  
  57  5:56  Adept  
  57  5:57  Adept x2  
  62  6:02  Probe (Chrono Boost)  
  65  6:13  Probe (Chrono Boost)  
  66  6:20  Adept x3  
  62  7:21  Dark Templar  
  62  7:22  Dark Templar x2  
  60  7:46  Probe (Chrono Boost)  
  60  7:47  Probe (Chrono Boost)  
  62  7:56  Probe (Chrono Boost)  
  62  7:57  Dark Templar x3  
  70  8:00  Probe (Chrono Boost)  
  70  8:01  Nexus, Archon, Immortal  
  70  8:04  Assimilator  
  70  8:07  Assimilator  
  70  8:10  Pylon  
  70  8:12  Pylon  
  72  8:15  Pylon  
  72  8:23  Archon  
  70  8:33  Adept  
  70  8:34  Adept x2  
Show
View Real Time Build Order
Export as new Build Order

Centropyge Zerg - Winner!

Build Orders: Hatch First 

Get SALT Encoding   

  12  0:01  Drone  
  13  0:08  Drone  
  14  0:17  Overlord  
  14  0:20  Extractor  
  13  0:24  Drone  
  15  0:35  Drone  
  15  0:36  Drone  
  17  0:48  Drone  
  18  1:00  Hatchery  
  17  1:06  Drone  
  17  1:07  Drone  
  19  1:11  Extractor  
  18  1:25  Spawning Pool  
  17  1:27  Drone  
  17  1:28  Drone  
  19  1:40  Drone  
  20  1:57  Drone  
  20  2:01  Drone  
  22  2:16  Drone x2  
  22  2:18  Metabolic Boost  
  22  2:20  Queen  
  26  2:25  Drone, Hatchery  
  26  2:32  Queen  
  28  2:44  Overlord x2  
  28  3:09  Hatchery  
  27  3:13  Drone x3  
  27  3:17  Drone x3  
  33  3:24  Drone  
  34  3:32  Drone  
  35  3:38  Drone x2  
  37  3:44  Roach Warren  
  37  3:48  Drone x5  
  38  3:49  Drone x2  
  38  3:55  Queen  
  45  3:56  Queen  
  45  3:57  Queen  
  45  3:59  Drone  
  50  4:05  Spine Crawler  
  50  4:09  Spine Crawler  
  48  4:16  Evolution Chamber  
  47  4:20  Evolution Chamber  
  47  4:21  Drone  
  47  4:22  Drone x3  
  50  4:29  Overlord x2  
  50  4:30  Overlord  
  50  4:31  Overlord  
  50  4:37  Lair  
  50  4:48  Drone x3  
  50  4:49  Extractor  
  50  4:52  Spore Crawler  
  51  4:55  Spore Crawler  
  51  4:58  Spore Crawler  
  49  5:00  Spore Crawler  
  49  5:01  Drone x7  
  49  5:02  Drone  
  56  5:14  Spine Crawler  
  55  5:17  Spine Crawler  
  54  5:24  Zerg Missile Weapons Level 1  
  54  5:26  Zerg Ground Armor Level 1  
  54  5:27  Roach  
  54  5:28  Roach x4  
  64  5:29  Roach  
  64  5:31  Extractor  
  64  5:33  Drone  
  64  5:34  Extractor, Drone x2  
  67  5:37  Overlord  
  67  5:42  Extractor  
  66  5:45  Extractor, Overseer  
  65  6:04  Hydralisk Den  
  64  6:32  Roach  
  66  6:33  Roach x11  
  86  6:57  Pneumatized Carapace  
  86  7:01  Roach x4  
  82  7:13  Overseer x2  
  82  7:18  Roach x5  
  82  7:20  Queen  
  82  7:21  Queen  
  90  7:29  Drone x2  
  87  7:30  Drone x3  
  87  7:31  Drone  
  90  7:48  Overseer  
  90  7:55  Overlord  
  90  8:12  Queen  
  92  8:21  Hydralisk  
  92  8:22  Hydralisk  
  96  8:44  Drone x2  
  96  8:50  Ravager x2  
Tags
 
Add a new tag
Caveats
  • Supply blocks, unpowered buildings, or Contaminate may cause inaccurate times.
  • Supply counts are checked every 10 seconds.